 Dungeon Crawl Stone Soup version 0.16-a0-3807-g3748f16 (console) character file.

70 mauris the Changer (level 4, 3/35 HPs)
             Began as a Draconian Transmuter on Jan 26, 2015.
             Quit the game on level 3 of the Dungeon.
             The game lasted 00:12:00 (2683 turns).

mauris the Changer (Draconian Transmuter)           Turns: 2683, Time: 00:12:00

Health: 3/35       AC:  5    Str: 12    XL:     4   Next: 4%
Magic:  7/7        EV: 12    Int: 14    God:
Gold:   161        SH:  0    Dex: 12    Spells: 1 memorised, 6 levels left

rFire  . . .     SeeInvis .       - Unarmed
rCold  . . .     Clarity  .     (armour unavailable)
rNeg   . . .     SustAb   .     (no shield)
rPois  .         Gourm    .     (helmet restricted)
rElec  .         Spirit   .     (no cloak)
rCorr  .         Warding  .     (no gloves)
rMut   .         Stasis   .     (no boots)
MR     .....                    (no amulet)
Stlth  +.........               (no ring)
                                (no ring)

@: not resistant to hostile enchantments, very unstealthy
A: unfitting armour, cold-blooded, AC +5
a: no special abilities


You were on level 3 of the Dungeon.
You were hungry.

You visited 1 branch of the dungeon, and saw 3 of its levels.

You collected 161 gold pieces.

Inventory:

Missiles
 b - 22 arrows
 n - 20 poisoned needles
 s - 4 needles of sleeping
Armour
 f - a +0 pair of boots
Jewellery
 j - an uncursed ring of wizardry {unknown}
 p - an uncursed amulet of regeneration {unknown}
 w - a cursed ring of see invisible {unknown}
Scrolls
 g - 3 scrolls of identify {unknown}
 h - 2 scrolls of teleportation {unknown}
 k - a scroll of blinking {unknown}
 o - a scroll of enchant weapon {unknown}
 u - a scroll of remove curse {unknown}
Potions
 c - a potion of ambrosia {unknown}
 e - a potion of curing {unknown}
 i - a potion of mutation {unknown}
 l - a potion of heal wounds {unknown}
 q - a potion of flight {unknown}
 t - a potion of might {unknown}
 v - a potion of magic {unknown}
Books
 d - a book of Changes

   Spells                             Type                      Level
   a - Beastly Appendage              Transmutation                1
   b - Sticks to Snakes               Transmutation                2
   c - Spider Form                    Transmutation/Poison         3
   d - Ice Form                       Ice/Transmutation            4
   e - Blade Hands                    Transmutation                5
Comestibles
 a - 4 bread rations {!e}
 m - a slice of pizza
 x - a beef jerky


   Skills:
 - Level 1.1 Fighting
 - Level 1.7 Dodging
 - Level 3.0 Unarmed Combat
 - Level 2.0 Spellcasting
 + Level 4.3 Transmutations


You had 6 spell levels left.
You knew the following spells:

 Your Spells              Type           Power        Failure   Level  Hunger
a - Beastly Appendage     Trmt           ##....       4%          1    ##.....


Dungeon Overview and Level Annotations

Branches:
Dungeon (3/15)

Altars:

Annotations:
D:1 1 exclusion
D:2 Crazy Yiuf
D:3 Natasha


Innate Abilities, Weirdness & Mutations

Your plain brown scales are hard (AC +5).
Your body does not fit into most forms of armour.
Your cold-blooded metabolism reacts poorly to cold.


Message History

You feel sick.
Damage: -3%(-1hp) hp: 12%(4hp)
You feel sick.
You are no longer poisoned.
Damage: -3%(-1hp) hp: 12%(4hp)
There is an escape hatch in the ceiling here.
Crazy Yiuf screams, "Sif Muna!
Hah song snockshim."
Crazy Yiuf screams, "Hah bag bag!"
Crazy Yiuf cries, "Snurf spinner foot!"
Crazy Yiuf whimpers, "Iron water broken!"
There is a stone staircase leading down here.
The goblin hits you.
* * * LOW HITPOINT WARNING * * *
You climb downwards.
A kobold and Natasha come into view.
Natasha hisses angrily.
The kobold shouts!
Found 8 gold pieces and a red potion.
There is a stone staircase leading up here.
Huge Dmg: -9%(-3hp) hp: 9%(3hp) Are you sure you want to abandon this character and quit the game? (Confirm with "yes".)

. .# #K# h
####..#..
#........
#.........
#@........
#g....$...
#........
#........
#......##
#!.....#
#......
######


You could see Natasha, a goblin and a kobold.

Vanquished Creatures
  3 adders (D:2)
  A giant mite (D:2)
  A worm (D:2)
  2 giant geckos
  An ooze (D:1)
  2 giant cockroaches (D:2)
  A hobgoblin (D:2)
  A kobold (D:1)
  A ball python (D:1)
  4 bats (D:1)
  2 giant newts (D:1)
  6 goblins
  6 rats
31 creatures vanquished.

Notes
Turn   | Place    | Note
--------------------------------------------------------------
     0 | D:1      | mauris, the Draconian Transmuter, began the quest for the Orb.
     0 | D:1      | Reached XP level 1. HP: 16/16 MP: 3/3
   560 | D:1      | Reached XP level 2. HP: 20/23 MP: 4/4
  1098 | D:1      | Huge Dmg: 9 Dmg
  1606 | D:2      | Reached XP level 3. HP: 28/28 MP: 4/6
  1799 | D:2      | Noticed Crazy Yiuf
  1803 | D:2      | Huge Dmg: 13 Dmg
  2061 | D:2      | dff
  2076 | D:2      | Reached skill level 4 in Transmutations
  2082 | D:2      | Huge Dmg: 4 Dmg
  2091 | D:2      | Huge Dmg: 3 Dmg
  2098 | D:2      | Huge Dmg: 2 Dmg
  2108 | D:2      | Huge Dmg: 2 Dmg
  2419 | D:2      | Reached XP level 4. HP: 27/35 MP: 5/7
  2634 | D:2      | Huge Dmg: 17 Dmg
  2636 | D:2      | Huge Dmg: 3 Dmg
  2642 | D:2      | Huge Dmg: 2 Dmg
  2682 | D:3      | Noticed Natasha
  2683 | D:3      | Huge Dmg: 3 Dmg
  2683 | D:3      | Quit the game

Action                   |  1- 3 |  4- 6 || total
-------------------------+-------+-------++-------
Melee: Unarmed           |   164 |    10 ||   174
 Cast: Beastly Appendage |    11 |       ||    11
  Eat: Chunk             |     4 |     1 ||     5

Vault maps used:
D:1:      minmay_arrival_checkered_box, serial_bayou_lagoon_a, minmay_cut_off
D:2:      first_bread, grunt_decor_one_mirror, uniq_crazy_yiuf_cottage
D:3:      st_stairs_8, uniq_natasha, uniq_robin
